 Dungeon Crawl Stone Soup version 0.28.0-62-gf88900778d (webtiles) character file.

Game seed: 11358774655674139532

13791 cbfl8 the Cleaver (level 11, -2/126 HPs)
             Began as a Demonspawn Berserker on June 12, 2023.
             Was a High Priest of Trog.
             Killed by divine providence
             ... invoked by a smoke demon
             ... summoned by Frances
              (7 damage)
             ... on level 13 of the Dungeon.
             The game lasted 00:18:09 (18259 turns).

cbfl8 the Cleaver (Demonspawn Berserker)           Turns: 18259, Time: 00:18:09

Health: -2/126     AC: 20    Str: 18    XL:     11   Next: 80%
Magic:  11/11      EV: 13    Int:  8    God:    Trog [*****.]
Gold:   534        SH:  9    Dex: 17    Spells: 10/10 levels left

rFire   . . .      SeeInvis .   e - +0 war axe
rCold   . . .      Faith    +   J - +0 kite shield
rNeg    . . .      Spirit   .   w - +0 chain mail
rPois   +          Reflect  .   (no helmet)
rElec   .          Harm     .   B - +0 cloak
rCorr   .          Rampage  .   (no gloves)
Will    .....                   a - +0 pair of boots
Stlth   ..........              G - amulet of faith
HPRegen 0.31/turn               r - +4 ring of protection
MPRegen 0.12/turn               i - ring of poison resistance

@: mighty, agile, berserking (expiring), very quick
A: icy blue scales 2, powered by pain 2, spiny 1, demonic touch 1
a: Renounce Religion, Berserk, Trog's Hand, Brothers in Arms


You were on level 13 of the Dungeon.
You worshipped Trog.
Trog was extremely pleased with you.
You visited 1 branch of the dungeon, and saw 14 of its levels.

You collected 761 gold pieces.
You spent 227 gold pieces at shops.

Inventory:

Hand Weapons
 e - a +0 war axe (weapon)
Armour
 a - a +0 pair of boots (worn)
 w - a +0 chain mail (worn)
 B - a +0 cloak (worn)
 J - a +0 kite shield (worn)
Jewellery
 i - a ring of poison resistance (right hand)
 m - a ring of flight
 r - a +4 ring of protection (left hand)
 G - an amulet of faith (around neck)
 L - a ring of fire
Wands
 k - a wand of iceblast (5)
 l - a wand of acid (14)
 n - a wand of mindburst (1) (quivered)
 D - a wand of paralysis (12)
 E - a wand of digging (9)
 H - a wand of charming (1)
Scrolls
 f - 5 scrolls of teleportation
 h - a scroll of enchant armour
 s - a scroll of enchant weapon
 x - 2 scrolls of noise
 y - a scroll of silence {unknown}
 C - a scroll of fog
 F - 2 scrolls of magic mapping {unknown}
 M - a scroll of amnesia {unknown}
Potions
 b - a potion of heal wounds
 c - 2 potions of flight
 d - 6 potions of cancellation
 g - a potion of ambrosia {unknown}
 j - a potion of resistance {unknown}
 o - 2 potions of haste {unknown}
 p - 3 potions of attraction {unknown}
 q - 3 potions of curing {unknown}
 t - 2 potions of berserk rage
 u - a potion of magic {unknown}
 v - a potion of degeneration {unknown}
 z - a potion of brilliance {unknown}
 A - a potion of invisibility {unknown}
 K - a potion of mutation {unknown}
Miscellaneous
 I - a piece from Xom's chessboard (15/15)


   Skills:
 + Level 7.5 Fighting
 + Level 10.5 Axes
 + Level 7.7 Armour
 + Level 4.6 Dodging
 + Level 4.2 Stealth
 + Level 2.9 Shields
 * Level 9.1 Evocations


You had 10 spell levels left.
You didn't know any spells.
Your spell library was empty.

Dungeon Overview and Level Annotations

Branches:
Dungeon (14/15)            Temple (0/1) D:6            Lair (0/6) D:8
    Orc (0/2) D:11         Vaults (0/5) D:13

Altars:
Ashenzari
Elyvilon
Fedhas
Gozag
Okawaru
Vehumet
Zin

Shops:
D:2 !   D:3 (   D:10 *

Annotations:
D:13 Frances


Innate Abilities, Weirdness & Mutations

You are mostly covered in icy blue scales. (AC +3)
You sometimes gain power by taking damage.
You are partially covered in sharp spines.
Your touch may inflict minor irresistible damage on your foes.


Message History

Frances hits you but does no damage.
Aiming: Mindburst
Press: ? - help, Q - select action, (/) - cycle Shift-Dir - straight line, f/p - Frances
Aim: Frances, wielding a +0 trident and wearing a +0 scale mail (moderately wounded, fast, chance to affect: 27%) Frances easily resists.
Frances hits you but does no damage. Frances barely misses you.
Aiming: Mindburst
Press: ? - help, Q - select action, (/) - cycle Shift-Dir - straight line, f/p - Frances
Aim: Frances, wielding a +0 trident and wearing a +0 scale mail (moderately wounded, fast, chance to affect: 27%) Frances easily resists.
Frances barely misses you. The smoke demon gestures at you.
Something smites you!
You focus on the pain.
You feel agile all of a sudden.
A red film seems to cover your vision as you go berserk!
You feel yourself moving faster!
You feel mighty! You block Frances's attack. The smoke demon gestures at you.
Something smites you! The smoke demon gestures at you. Something smites you!
Frances hits you from afar with a +0 trident!
* * * LOW HITPOINT WARNING * * *
You feel a strong urge to attack something.
You block Frances's attack.
You slash Frances!
Frances is moderately wounded.
You block the orange demon's attack. Frances misses you.
You closely miss Frances.
Frances is moderately wounded.
Frances is struck by your spines. Frances hits you with a +0 trident!!
* * * LOW HITPOINT WARNING * * *
You focus on the pain.
You feel more agile all of a sudden. You block the orange demon's attack.
You closely miss Frances.
Frances is moderately wounded.
Frances is struck by your spines. Frances barely misses you.
The smoke demon gestures at you. Something smites you!
You die...

#####..#++####..##
............4....#
.....$..34@....#.#
#####..#######.#.#
+.. .p..#3#.#
+..+.....#3#.#
#..#.....#4#.#
#..#.....#@#.#
#..#....∩#@#.#
#..#######.#.#
#.#.# #.#..#
#.##.#
##+######.##.#
#...............#
#...)...........#
#...............#


You could see Frances (fast), an orange demon (summoned) and 2 smoke demons.

Vanquished Creatures
  A boulder beetle (D:12)
  2 two-headed ogres (D:12)
  Pikel (D:9)
  An orc sorcerer (D:11)
  A cyclops (D:11)
  An elephant (D:8)
  Maurice (D:11)
  Maggie (D:8)
  2 unseen horrors
  3 trolls
  2 hornets
  3 slime creatures
  3 shadows
  4 wyverns
  8 yaks
  2 basilisks (D:8)
  A vampire (D:11)
  Menkaure (D:4)
  2 acid dragons
  A water moccasin (D:3)
  2 orc warriors
  A sky beast (D:8)
  An ice beast (D:8)
  A necrophage (D:5)
  4 ogres
  12 centaurs
  2 phantoms
  4 lemures (D:9)
  2 bullfrogs
  2 scorpions
  A water moccasin zombie (D:7)
  3 troll zombies (D:11)
  6 killer bees
  14 wights
  A howler monkey (D:9)
  3 jellies
  2 centaur zombies (D:9)
  A bullfrog skeleton (D:7)
  8 orc priests
  4 gnoll shamans
  2 scorpion zombies (D:5)
  5 iguanas
  11 orc wizards
  A killer bee zombie (D:8)
  5 ogre zombies (D:11)
  17 gnolls
  2 adders
  4 shadow imps
  A white imp (D:7)
  2 ufetubi
  3 worms
  A dart slug (D:1)
  24 orcs
  8 endoplasms
  2 giant cockroaches
  7 goblins
  5 hobgoblins
  13 jackals
  2 quokkas
  6 ball pythons
  2 bats (D:2)
  4 frilled lizards
  2 goblin skeletons (D:11)
  4 goblin zombies (D:11)
  2 hobgoblin skeletons (D:11)
  A hobgoblin zombie (D:11)
  3 kobolds
  3 orc skeletons (D:11)
  13 orc zombies (D:11)
  A rat (D:1)
271 creatures vanquished.

Notes
Turn   | Place    | Note
-------+----------+-------------------------------------------
     0 | D:1      | cbfl8 the Demonspawn Berserker began the quest for the Orb.
     0 | D:1      | Reached XP level 1. HP: 18/18 MP: 1/1
    31 | D:1      | Gained mutation: You sometimes gain a little power by
                  | taking damage. [demonic ancestry]
    31 | D:1      | Reached XP level 2. HP: 13/24 MP: 2/2
   210 | D:1      | Found a faded altar of an unknown god.
   328 | D:1      | Reached skill level 3 in Axes
   943 | D:1      | Gained mutation: You are partially covered in icy blue
                  | scales. (AC +2) [demonic ancestry]
   943 | D:1      | Reached XP level 3. HP: 12/29 MP: 3/3
  1884 | D:2      | Reached ** piety under Trog
  2083 | D:2      | Found Aqaunon's Distillery.
  2094 | D:2      | Bought a potion of heal wounds for 50 gold pieces
  2130 | D:2      | Reached skill level 1 in Evocations
  2624 | D:3      | Reached XP level 4. HP: 17/36 MP: 4/4
  3383 | D:3      | Found Enotigue's Weapon Emporium.
  3737 | D:3      | Noticed a water moccasin
  3751 | D:3      | Killed a water moccasin
  3752 | D:3      | Reached skill level 4 in Axes
  3752 | D:3      | Reached XP level 5. HP: 42/42 MP: 5/5
  4061 | D:3      | Bought a +0 war axe for 45 gold pieces
  4249 | D:4      | Reached XP level 6. HP: 9/48 MP: 6/6
  4985 | D:4      | Noticed Menkaure
  4993 | D:4      | Killed Menkaure
  5429 | D:5      | Entered Level 5 of the Dungeon
  5448 | D:5      | Gained mutation: You are mostly covered in icy blue scales.
                  | (AC +3) [demonic ancestry]
  5448 | D:5      | Reached XP level 7. HP: 54/54 MP: 7/7
  5583 | D:5      | Reached skill level 5 in Axes
  6088 | D:5      | Found an iron altar of Okawaru.
  6276 | D:5      | Gained mutation: Your touch may inflict minor irresistible
                  | damage on your foes. [demonic ancestry]
  6276 | D:5      | Reached XP level 8. HP: 30/61 MP: 8/8
  6544 | D:5      | Reached skill level 6 in Axes
  7274 | D:6      | Reached skill level 5 in Fighting
  7274 | D:6      | Reached skill level 7 in Axes
  7274 | D:6      | Reached skill level 5 in Evocations
  7277 | D:6      | Gained mutation: You are partially covered in sharp spines.
                  | [demonic ancestry]
  7277 | D:6      | Reached XP level 9. HP: 55/68 MP: 9/9
  7868 | D:6      | Found a staircase to the Ecumenical Temple.
  8895 | D:7      | Reached skill level 8 in Axes
  8966 | D:7      | Reached skill level 5 in Armour
  9013 | D:7      | Killed an unseen horror
  9594 | D:7      | Reached *** piety under Trog
  9696 | D:7      | Found a broken altar of Ashenzari.
 10611 | D:8      | Found a staircase to the Lair.
 10611 | D:8      | Noticed an elephant
 10851 | D:8      | Gained mutation: You sometimes gain power by taking damage.
                  | [demonic ancestry]
 10851 | D:8      | Reached XP level 10. HP: 76/76 MP: 10/10
 11100 | D:8      | Noticed Maggie
 11111 | D:8      | Killed Maggie
 11186 | D:8      | Killed an elephant
 11187 | D:8      | Reached skill level 1 in Stealth
 11404 | D:8      | Found an opulent altar of Gozag.
 11633 | D:8      | Reached skill level 9 in Axes
 12342 | D:9      | Reached **** piety under Trog
 12344 | D:9      | Reached skill level 1 in Shields
 13077 | D:9      | Noticed Pikel
 13089 | D:9      | Killed Pikel
 13545 | D:10     | Entered Level 10 of the Dungeon
 13548 | D:10     | Found a radiant altar of Vehumet.
 13549 | D:10     | Found a blossoming altar of Fedhas.
 13564 | D:10     | Reached XP level 11. HP: 41/83 MP: 11/11
 14251 | D:10     | Found Byoh's General Store.
 14303 | D:10     | Bought a scroll of teleportation for 36 gold pieces
 14303 | D:10     | Bought a wand of mindburst (4) for 96 gold pieces
 14970 | D:11     | Found a staircase to the Orcish Mines.
 14970 | D:11     | Noticed an orc sorcerer
 14991 | D:12     | Reached ***** piety under Trog
 15101 | D:11     | Killed an orc sorcerer
 15102 | D:11     | Reached skill level 10 in Axes
 15834 | D:11     | Identified the +2 robe "Ubotoh" {rElec MP-9 Dex+6}
 15872 | D:11     | Noticed Maurice
 15892 | D:11     | Killed Maurice
 17255 | D:12     | Noticed a two-headed ogre
 17256 | D:12     | Noticed a two-headed ogre
 17263 | D:12     | Killed a two-headed ogre
 17268 | D:12     | Killed a two-headed ogre
 17435 | D:12     | Noticed a boulder beetle
 17458 | D:12     | Killed a boulder beetle
 17489 | D:12     | You fall into a shaft and drop 2 floors!
 18206 | D:13     | Noticed a centaur warrior
 18224 | D:13     | Noticed a boulder beetle
 18225 | D:13     | Found a gate to the Vaults.
 18225 | D:13     | Noticed an ironbound preserver
 18229 | D:13     | Noticed Frances
 18258 | D:13     | HP: 4/126 [Frances/+0 trident (24)]
 18259 | D:13     | Killed from afar by a smoke demon

Illustrated notes

Levels and vault maps discovered:
D:1:      dpeg_arrival_leaves_temple_mockup, layout_rooms,
          ebering_ecumenical_altar_box
D:2:      layout_basic, serial_shops, nicolae_shop_hallway_plus, glass_columns_c
D:3:      layout_basic, serial_shops, nicolae_shop_bloodbath_and_beyond
D:4:      layout_basic, serial_bayou_ford_a, uniq_menkaure
D:5:      layout_loops_ring, marbit_many_paths
D:6:      hellmonk_ruined_rings, layout_rooms,
          minmay_temple_entry_statues_fountains, centaur_isle
D:7:      layout_basic, evilmike_ruin_ashenzari
D:8:      layout_gridville, lemuel_round_altar, david_lair_generic, uniq_maggie
D:9:      layout_basic, uniq_pikel
D:10:     layout_basic, elyvilon_altar_3, grunt_temple_overflow_open,
          nrook_mini_vaults, nicolae_wooded_promenade
D:11:     layout_cave_pods, zombieorc2_lemuel, uniq_maurice
D:12:     layout_irregular_city, eino_house_with_fridge
D:13:     layout_roguey, skrybe_vaults_entry_preservation, uniq_frances
D:14:     layout_cave_pools, minmay_misc_feat_more_columns,
          amcnicky_mini_rare_corridor_liquid

Skill      XL: |  1  2  3  4  5  6  7  8  9 10 11 |
---------------+----------------------------------+-----
Axes           | 3 4 5 7 8 9 10 | 10.5
Dodging        | 2 3 4 |  4.6
Evocations     | 1 2 3 4 5 6 8 9 |  9.1
Armour         | 2 3 4 5 6 7 |  7.7
Fighting       | 4 5 6 7 |  7.5
Stealth        | 2 4 |  4.2
Shields        | 1 2 |  2.9

Action                   |  1- 3 |  4- 6 |  7- 9 | 10-12 || total
-------------------------+-------+-------+-------+-------++-------
Melee: Hand axe          |   125 |    74 |       |       ||   199
       Punch             |     1 |     1 |       |     1 ||     3
       War axe           |       |    52 |   229 |   391 ||   672
       Touch             |       |       |    32 |    14 ||    46
Invok: Berserk           |     3 |     4 |     4 |     8 ||    19
       Trog's Hand       |       |       |     1 |     2 ||     3
Evoke: Wand              |       |       |    14 |    15 ||    29
  Use: Scroll            |       |     6 |     3 |     6 ||    15
       Potion            |       |       |     1 |       ||     1
 Stab: Paralysed         |       |       |       |    25 ||    25
Armor: Animal skin       |    41 |       |       |       ||    41
       Ring mail         |    16 |    46 |   115 |       ||   177
       Skin              |     2 |       |       |       ||     2
       Chain mail        |       |       |    35 |   269 ||   304
Dodge: Dodged            |   143 |    72 |   200 |   143 ||   558
Block: Kite shield       |       |       |       |   200 ||   200
